 Dungeon Crawl Stone Soup version 0.29-a0-529-gfa20dd96a1 (webtiles) character file.

Game seed: 16272910128446950015

1957 thriggle the Firebug (level 9, -2/112 HPs)
             Began as a Meteoran Cinder Acolyte on June 1, 2022.
             Was a Priest of Ignis.
             Succumbed to Hubjo's ghost's poison
             ... on level 5 of the Dungeon.
             The game lasted 00:29:03 (3128 turns).

thriggle the Firebug (Meteoran Cinder Acolyte)      Turns: 3128, Time: 00:29:04

Health: -2/112     AC: 14    Str: 16    XL:     9   Next: 69%
Magic:  3/17       EV: 13    Int: 19    God:    Ignis [***...]
Gold:   206        SH:  0    Dex: 11    Spells: 4/18 levels left

rFire   + + +      SeeInvis .   e - staff of fire
rCold   x . .      Faith    .   (no shield)
rNeg    . . .      Spirit   .   o - +2 leather armour {rF+}
rPois   .          Reflect  .   v - +1 hat
rElec   .          Harm     .   (no cloak)
rCorr   .          Rampage  .   (no gloves)
Will    +....                   m - +0 pair of boots
Stlth   ..........              (no amulet)
HPRegen 0.28/turn               A - ring of fire
MPRegen 0.15/turn               (no ring)

@: berserking, lethally poisoned (-2 -> -20), attractive, fiery-armoured,
glowing, very quick
A: sense surroundings 2, otherworldly, glowing, explore regen
a: Renounce Religion, Fiery Armour, Foxfire Swarm, Rising Flame


You were on level 5 of the Dungeon.
You worshipped Ignis.
Ignis was most pleased with you.
You visited 1 branch of the dungeon, and saw 5 of its levels.
You also visited: Sewer.

You collected 206 gold pieces.

Inventory:

Hand Weapons
 a - a -1 mace of flaming
 p - a +0 morningstar
Missiles
 r - 100 stones (quivered)
 s - a curare-tipped dart
 t - 8 poisoned darts
 z - 2 boomerangs of dispersal
 B - a boomerang
Armour
 b - a +0 robe
 h - a +0 leather armour
 i - a +0 helmet
 m - a +0 pair of boots (worn)
 o - a +2 leather armour of fire resistance (worn)
 v - a +1 hat (worn)
Magical Staves
 e - a staff of fire (weapon)
 g - a staff of air
Jewellery
 A - a ring of fire (left hand)
Wands
 d - a wand of iceblast (5)
 x - a wand of digging (5)
Scrolls
 c - 3 scrolls of amnesia
 j - 3 scrolls of teleportation
 u - a scroll of immolation
 y - a scroll of noise {unknown}
Potions
 l - 5 potions of lignification
 n - 3 potions of mutation
 q - a potion of berserk rage


   Skills:
 + Level 5.6 Fighting
 - Level 4.8(5.8) Maces & Flails
 + Level 4.4(5.3) Staves
 + Level 3.9 Throwing
 + Level 4.7 Armour
 + Level 4.7 Dodging
 + Level 5.1 Spellcasting
 + Level 4.5 Conjurations
 + Level 6.3 Fire Magic


You had 4 spell levels left.
You knew the following spells:

 Your Spells              Type           Power      Damage    Failure   Level
a - Scorch                Fire           100%       2d10      1%          2
b - Conjure Flame         Conj/Fire      55%        6-21      4%          3
c - Flame Wave            Conj/Fire      55%        2d11      16%         4
d - Fireball              Conj/Fire      27%        3d12      41%         5

Your spell library contained the following spells:

 Spells                   Type           Power      Damage    Failure   Level
 Foxfire                  Conj/Fire      100%       2x1d9     1%          1
 Inner Flame              Hex/Fire       38%        N/A       12%         3
 Animate Dead             Necr           4%         N/A       82%         4
 Iskenderun's Battlesphe  Conj           22%        2d8       54%         5
 Borgnjor's Vile Clutch   Necr/Erth      2%         N/A       99%         5
 Conjure Ball Lightning   Conj/Air       6%         3x3d6     100%        6
 Death Channel            Necr           2%         N/A       100%        6
 Orb of Destruction       Conj           11%        9d6       100%        7
 Discord                  Hex            2%         N/A       100%        8
 Disjunction              Tloc           2%         N/A       100%        8


Dungeon Overview and Level Annotations

Branches:
Dungeon (5/15)              Sewer (visited)
 Temple: D:4-7

Altars:

Portals:
Abyss: D:5

Annotations:
D:1 1 runed translucent door
D:5 1 transporter


Innate Abilities, Weirdness & Mutations

You passively map the area around you.
You are easily found by Zot.
You glow in the dark.
You regain HP and MP as you explore.


Message History

The white imp gestures at you.
The puff of frost hits you but does no damage.
You barely miss the white imp.
The white imp is lightly wounded.
Hubjo's ghost closely misses you.
The white imp hits you but does no damage.
The white imp is burned terribly!
The white imp is burned by your cloak of flames.
The white imp is severely wounded.
You hit the white imp.
The white imp is almost dead.
You completely miss the white imp.
The white imp is almost dead.
Hubjo's ghost closely misses you. The white imp barely misses you.
Unknown command.
You closely miss the white imp.
The white imp is almost dead.
Hubjo's ghost hits you.
* * * LOW HITPOINT WARNING * * *
You are lethally poisoned!
Hubjo's ghost is burned by your cloak of flames.
Hubjo's ghost is severely damaged.
The white imp barely misses you.
You hit the white imp.
You kill the white imp!
* * * LOW HITPOINT WARNING * * *
You feel sick.
You hit Hubjo's ghost! You burn Hubjo's ghost.
Hubjo's ghost is almost destroyed.
* * * LOW HITPOINT WARNING * * *
You feel sick. Hubjo's ghost hits you.
* * * LOW HITPOINT WARNING * * *
You are more poisoned.
Hubjo's ghost is burned by your cloak of flames.
You destroy Hubjo's ghost!
Your Spellcasting skill increases to level 5!
You are too berserk!
You barely miss the kobold brigand.
The kobold brigand is severely wounded.
You die...

...# ###.#.............##
...# #...###............#
...###......÷..........##
..............).......##
......................##
.............##........#
.....###....####©......#
.....#$##..##..####....#
.....#:.#.©#©...@.##..##
....##.##..##.∩#K#.#..#
##..##.##$?.###...##..#
.#..# ,* #..##...# .#..##
#*# ##..##...#
.....###...# #...###..#
##.....#[#. , ##...#..#
#.....##..#..# #..##..#
#....##.#.... #..##...#


You could see a kobold brigand.

Vanquished Creatures
  The ghost of Hubjo the Firebug, a novice DEFE of the Shining One (D:5)
  Grinder (D:4)
  2 small abominations (D:5)
  Menkaure (D:4)
  A water moccasin (D:5)
  2 black bears
  3 kobold brigands (Sewer)
  4 scorpions
  3 hounds (D:5)
  A jelly (D:4)
  Ijyb (D:3)
  An iguana (D:5)
  An orc wizard (D:5)
  Robin (D:2)
  8 adders
  A river rat (Sewer)
  A white imp (D:5)
  An ufetubus (D:4)
  3 worms
  A dart slug (D:4)
  10 orcs
  6 ball pythons
  11 endoplasms
  3 giant cockroaches
  15 goblins
  9 hobgoblins
  5 kobolds
  4 quokkas
  2 bats
  3 frilled lizards (D:2)
  5 rats
111 creatures vanquished.

Vanquished Creatures (others)
  A foxfire (D:3)
1 creature vanquished.

Grand Total: 112 creatures vanquished

Notes
Turn   | Place    | Note
-------+----------+-------------------------------------------
     0 | D:1      | thriggle the Meteoran Cinder Acolyte began the quest for
                  | the Orb.
     0 | D:1      | Reached XP level 1. HP: 19/19 MP: 3/3
     1 | D:1      | Found a runed translucent door.
     2 | D:1      | Noticed a jelly
    30 | D:1      | Reached XP level 2. HP: 2/26 MP: 3/5
   495 | D:1      | Glimpsed the power of Zot.
   559 | D:2      | Reached XP level 3. HP: 14/31 MP: 6/6
   626 | D:2      | Reached skill level 1 in Dodging
   627 | D:2      | Reached skill level 4 in Fire Magic
   630 | D:2      | Reached skill level 1 in Armour
   633 | D:2      | Reached XP level 4. HP: 22/38 MP: 6/8
   640 | D:2      | Learned a level 2 spell: Scorch
   674 | D:2      | Noticed Robin
   687 | D:2      | Killed Robin
   688 | D:2      | Reached XP level 5. HP: 40/46 MP: 9/9
   864 | D:2      | Learned a level 3 spell: Conjure Flame
   940 | D:3      | Identified a scroll of acquirement
   940 | D:3      | Acquired a staff of fire
  1221 | D:3      | Noticed Ijyb
  1253 | D:3      | Killed Ijyb
  1630 | D:4      | Found a glowing drain.
  1637 | Sewer    | Entered a sewer
  1812 | Sewer    | Noticed a kobold brigand
  1828 | Sewer    | Killed a kobold brigand
  1829 | Sewer    | Reached skill level 1 in Staves
  1829 | Sewer    | Reached skill level 1 in Conjurations
  1829 | Sewer    | Reached XP level 6. HP: 50/52 MP: 7/11
  2087 | Sewer    | Glimpsed the power of Zot.
  2125 | Sewer    | Glimpsed the power of Zot.
  2129 | Sewer    | Reached skill level 1 in Throwing
  2129 | Sewer    | Reached XP level 7. HP: 56/59 MP: 7/12
  2155 | Sewer    | Glimpsed the power of Zot.
  2161 | Sewer    | Glimpsed the power of Zot.
  2189 | D:4      | Noticed Grinder
  2200 | D:4      | Paralysed by Grinder for 4 turns
  2204 | D:4      | Killed Grinder
  2205 | D:4      | Reached skill level 5 in Fire Magic
  2217 | D:4      | Reached XP level 8. HP: 42/67 MP: 5/14
  2653 | D:5      | Entered Level 5 of the Dungeon
  2654 | D:5      | Noticed Menkaure
  2674 | D:4      | Killed Menkaure
  2751 | D:5      | Reached skill level 5 in Fighting
  2753 | D:5      | Found a transporter.
  2759 | D:5      | Found a transporter.
  2768 | D:5      | Found a one-way gate to the infinite horrors of the Abyss.
  2768 | D:5      | Noticed Hubjo's ghost (novice DEFE)
  2801 | D:5      | Noticed a small abomination
  2903 | D:5      | Gained mutation: You passively map the area around you.
                  | [Meteoran growth]
  2903 | D:5      | Reached XP level 9. HP: 35/74 MP: 1/16
  2915 | D:5      | Learned a level 4 spell: Flame Wave
  2921 | D:5      | Learned a level 5 spell: Fireball
  2958 | D:5      | Reached skill level 6 in Fire Magic
  3127 | D:5      | HP: 1/111 [Hubjo's ghost (5)]
  3127 | D:5      | Killed Hubjo's ghost
  3128 | D:5      | Reached skill level 5 in Spellcasting
  3128 | D:5      | Succumbed to Hubjo's ghost's poison

Illustrated notes

Levels and vault maps discovered:
D:1:      dpeg_arrival_caged_fury, layout_basic, supply_closet_lemuel
D:2:      layout_rooms, uniq_robin
D:3:      layout_basic, serial_glass, glass_columns_c, glass_columns_c,
          minmay_misc_feat_pillars, uniq_ijyb
D:4:      cheibrodos_barr_body, layout_layer_cave, cheibrodos_sewer_entry_drain,
          uniq_grinder
D:5:      layout_cave_pools, gammafunk_ghost_abyssal_escape, uniq_menkaure

Skill      XL: |  1  2  3  4  5  6  7  8  9 |
---------------+----------------------------+-----
Dodging        | 1 2 3 4 |  4.7
Fire Magic     | 4 5 6 |  6.3
Armour         | 1 2 3 4 |  4.7
Spellcasting   | 2 3 4 5 |  5.1
Fighting       | 4 5 |  5.6
Staves         | 1 2 3 4 |  4.4
Conjurations   | 1 2 3 4 |  4.5
Throwing       | 1 3 |  3.9
Maces & Flails | |  4.8

Action                   |  1- 3 |  4- 6 |  7- 9 || total
-------------------------+-------+-------+-------++-------
Melee: Mace              |    49 |    55 |       ||   104
       Punch             |     2 |     1 |     2 ||     5
       Staff             |       |    69 |    66 ||   135
       Morningstar       |       |       |     3 ||     3
 Cast: Scorch            |       |    16 |    60 ||    76
       Flame Wave        |       |       |     1 ||     1
Invok: Fiery Armour      |     2 |       |     2 ||     4
       Foxfire Swarm     |       |     1 |       ||     1
  Use: Scroll            |     1 |     5 |     6 ||    12
       Potion            |       |       |     7 ||     7
Armor: Robe              |    34 |    20 |       ||    54
       Leather armour    |       |    24 |    49 ||    73
Dodge: Dodged            |    59 |    65 |    65 ||   189

Table legend: (Time is in decaauts)
 A = Elapsed time spent in this place.
 B = Non-inter-level travel time spent in this place.
 C = Inter-level travel time spent in this place.
 D = Time resting spent in this place.
 E = Time spent auto-exploring this place.
 F = Levels seen in this place.
 G = Mean time per level.
                   A        B        C        D        E       F      G
               +--------+--------+--------+--------+--------+-----+--------+
         Total |   3219 |   3098 |    121 |      0 |   1225 |   6 |  536.5 |
       Dungeon |   2620 |   2499 |    121 |      0 |    846 |   5 |  524.0 |
         Sewer |    599 |    599 |      0 |      0 |    379 |   1 |  599.0 |
               +--------+--------+--------+--------+--------+-----+--------+

Top non-repeatable levels by time:
     D:3: 635 daAuts
   Sewer: 599 daAuts
     D:4: 597 daAuts
     D:1: 546 daAuts
     D:5: 448 daAuts
     D:2: 391 daAuts
